 Dungeon Crawl Stone Soup version 0.26-a0-540-g8a0c9464d7 (webtiles) character file.

Game seed: 12072927631957338061

789 Inarius the Chopper (level 7, -5/52 HPs)
             Began as a Mummy Wanderer on Aug 23, 2020.
             Slain by Prince Ribbit (15 damage)
             ... on level 5 of the Dungeon.
             The game lasted 00:05:30 (5054 turns).

Inarius the Chopper (Mummy Wanderer)                Turns: 5054, Time: 00:05:30

Health: -5/52      AC: 12    Str: 16    XL:     7   Next: 56%
Magic:  7/7        EV:  7    Int: 11    God:
Gold:   237        SH:  8    Dex: 13    Spells: 6/6 levels left

rFire    . . .     SeeInvis .   h - +0 war axe
rCold    + + +     Faith    .   m - +0 kite shield
rNeg     + + +     Spirit   .   l - +2 scale mail {rF+}
rPois    ∞         Reflect  .   o - +0 helmet
rElec    .         Harm     .   d - +2 cloak
rCorr    .                      (no gloves)
MR       .....                  (no boots)
Stlth    ..........             (no amulet)
HPRegen  0.17/turn              p - ring of protection from cold
MPRegen  0.10/turn              q - ring of protection from cold

@: no status effects
A: no potions, fire vulnerability, cold resistance 1, negative energy resistance
3, torment resistance, unbreathing
a: no special abilities


You were on level 5 of the Dungeon.
You visited 1 branch of the dungeon, and saw 5 of its levels.

You collected 237 gold pieces.

Inventory:

Hand Weapons
 h - a +0 war axe (weapon)
Missiles
 b - a curare-tipped dart (quivered)
 k - 11 poisoned darts
Armour
 c - a +0 ring mail of positive energy
 d - a +2 cloak (worn)
 l - a +2 scale mail of fire resistance (worn)
 m - a +0 kite shield (worn)
 o - a +0 helmet (worn)
Jewellery
 p - a ring of protection from cold (left hand)
 q - a ring of protection from cold (right hand)
Scrolls
 a - a scroll of noise {unknown}
 e - 2 scrolls of amnesia {unknown}
 f - 2 scrolls of enchant armour {unknown}
 g - a scroll of magic mapping {unknown}
 i - 4 scrolls of identify {unknown}
 j - a scroll of random uselessness {unknown}
 n - 3 scrolls of fear {unknown}
 r - 4 scrolls of remove curse {unknown}
 s - a scroll of teleportation {unknown}


   Skills:
 + Level 3.1 Fighting
 * Level 6.1 Axes
 - Level 1.5 Throwing
 + Level 2.2 Armour
 + Level 1.4 Dodging
 + Level 0.8 Stealth
 + Level 1.4 Shields
 - Level 2.4 Unarmed Combat


You had 6 spell levels left.
You didn't know any spells.
Your spell library was empty.

Dungeon Overview and Level Annotations

Branches:
Dungeon (5/15)
 Temple: D:4-7

Altars:
Trog

Annotations:
D:5 Prince Ribbit


Innate Abilities, Weirdness & Mutations

You do not drink.
Your flesh is vulnerable to fire.
You are immune to poison.
Your flesh is cold resistant. (rC+)
You are immune to negative energy. (rN+++)
You are immune to unholy pain and torment.
You can survive without breathing.


Message History

Unknown command.
You hit the worker ant but do no damage.
The worker ant is almost dead.
You closely miss Prince Ribbit. Prince Ribbit barely misses you.
The worker ant bites you but does no damage.
You block Prince Ribbit's attack.
Unknown command.
Prince Ribbit blinks!
The worker ant bites you but does no damage.
Prince Ribbit hits you but does no damage.
Prince Ribbit hits you.
Prince Ribbit blinks!
The worker ant closely misses you.
You slash the worker ant!
You kill the worker ant!
Prince Ribbit blinks!
Prince Ribbit barely misses you. Prince Ribbit hits you!
* * * LOW HITPOINT WARNING * * *
Prince Ribbit hits you!
You die...

#.####.#.#.#
#......#.#.#
#.###..#.#.#
#.#....#.#.#
#.#..<.#.#.#
#.###.##.#.#
#..........#
#.#.#.###..#
#.#...F@.<.#
#.#.#.####.#
#.#.#.# #.#
#.#§#.####.#
#.#.#......#
#.#.########
#######.#.#
........#.#
#########.#.#


You could see Prince Ribbit.

Vanquished Creatures
  6 scorpions
  A hound (D:5)
  4 orc priests
  A centaur skeleton (D:5)
  2 orc wizards
  2 worker ants
  Terence (D:2)
  Robin (D:4)
  3 adders
  3 oozes
  4 worms
  2 dart slugs
  A leopard gecko (D:3)
  14 orcs
  4 giant cockroaches (D:3)
  15 goblins
  10 hobgoblins
  8 jackals
  A quokka (D:2)
  A ball python (D:1)
  12 bats
  11 frilled lizards
  11 kobolds
  A leopard gecko skeleton (D:4)
  9 rats
  4 fungi (D:4)
132 creatures vanquished.

Notes
Turn   | Place    | Note
-------+----------+-------------------------------------------
     0 | D:1      | Inarius the Mummy Wanderer began the quest for the Orb.
     0 | D:1      | Inarius set off with the following items: a +2 dagger, a
                  | curare-tipped dart, a +0 short sword, a +0 hand axe, a +0
                  | robe
     0 | D:1      | Reached XP level 1. HP: 16/16 MP: 1/1
   288 | D:1      | Reached XP level 2. HP: 21/22 MP: 2/2
   404 | D:1      | Reached skill level 3 in Axes
   519 | D:1      | Reached XP level 3. HP: 12/27 MP: 3/3
  2066 | D:2      | Reached XP level 4. HP: 33/34 MP: 4/4
  2154 | D:2      | Noticed Terence
  2165 | D:2      | Killed Terence
  2165 | D:2      | Reached skill level 1 in Armour
  2677 | D:3      | Reached skill level 4 in Axes
  2687 | D:3      | Reached XP level 5. HP: 5/39 MP: 5/5
  3250 | D:3      | Reached XP level 6. HP: 43/46 MP: 6/6
  3606 | D:4      | Noticed Robin
  3608 | D:4      | Reached skill level 5 in Axes
  3653 | D:4      | Killed Robin
  3895 | D:4      | Reached skill level 1 in Dodging
  4115 | D:4      | Reached XP level 7. HP: 20/52 MP: 7/7
  4127 | D:4      | Reached skill level 1 in Shields
  4423 | D:4      | Found a bloodstained altar of Trog.
  4600 | D:5      | Entered Level 5 of the Dungeon
  4975 | D:5      | Reached skill level 6 in Axes
  5031 | D:5      | Noticed Prince Ribbit
  5054 | D:5      | Slain by Prince Ribbit

Illustrated notes

Levels and vault maps discovered:
D:1:      dpeg_arrival_radiant, layout_loops_ring, minmay_lizard_pond
D:2:      layout_basic, uniq_terence
D:3:      layout_basic
D:4:      old_forge, layout_basic, lemuel_round_altar, uniq_robin
D:5:      kennysheep_windowed_halls, layout_basic, uniq_prince_ribbit1

Skill      XL: |  1  2  3  4  5  6  7 |
---------------+----------------------+-----
Axes           | 3 4 5 6 |  6.1
Armour         | 1 2 |  2.2
Dodging        | 1 |  1.4
Fighting       | 3 |  3.1
Shields        | 1 |  1.4
Throwing       | |  1.5
Stealth        | |  0.8
Unarmed Combat | |  2.4

Action                   |  1- 3 |  4- 6 |  7- 9 || total
-------------------------+-------+-------+-------++-------
Melee: Hand axe          |   111 |       |       ||   111
       War axe           |    43 |   252 |    82 ||   377
       Punch             |     1 |       |       ||     1
 Stab: Held in net/web   |       |     1 |       ||     1
Armor: Robe              |     3 |       |       ||     3
       Ring mail         |    85 |    43 |       ||   128
       Scale mail        |       |   139 |    33 ||   172
       Skin              |       |     1 |       ||     1
Dodge: Dodged            |   104 |   121 |    10 ||   235
Block: Kite shield       |       |    79 |    14 ||    93

Table legend: (Time is in decaauts)
 A = Elapsed time spent in this place.
 B = Non-inter-level travel time spent in this place.
 C = Inter-level travel time spent in this place.
 D = Time resting spent in this place.
 E = Time spent auto-exploring this place.
 F = Levels seen in this place.
 G = Mean time per level.
                   A        B        C        D        E       F      G
               +--------+--------+--------+--------+--------+-----+--------+
         Total |   5191 |   5093 |     98 |   1012 |   2926 |   5 | 1038.2 |
       Dungeon |   5191 |   5093 |     98 |   1012 |   2926 |   5 | 1038.2 |
               +--------+--------+--------+--------+--------+-----+--------+

Top non-repeatable levels by time:
     D:2: 1463 daAuts
     D:1: 1300 daAuts
     D:4: 1147 daAuts
     D:3: 815 daAuts
     D:5: 465 daAuts
